AoeStats
← snpukwana

Yucatan

510914680Analyzed
3v3 RM · 15h ago on Oct 3, 2026· 61m 0s· 6 players
Game mode
Random Map
Map size
Normal (6 player)
Population
200
Speed
Normal
Resources
Standard
Victory
Conquest
Starting age
Dark Age
Ending age
Imperial Age
RankedLock teamsTeams togetherTeam positionsShared explorationLock speedFull tech treeHidden civsTurbo modeCheats
Victory
Defeat
🇦🇷 Poles · Argentina
765
+17
🇺🇸 Romans · United States
740
+18
🇦🇷 Chinese · Argentina
739
+18
🇺🇸 Tatars · United States
934
-24
🇺🇸 Vikings · United States
809
-19
🇺🇸 Goths · United States
600
-10
snpukwana
7:39 Loom
11:11 Feudal Age
12:02 Horse Collar
12:11 Double-Bit Axe
14:38 Wheelbarrow
13:56 Man-at-Arms
24:14 Town Watch
26:42 Fletching
26:56 Scale Mail Armor
27:07 Forging
29:42 Castle Age
29:44 Long Swordsman
30:56 Squires
31:13 Pikeman
32:17 Chain Mail Armor
31:59 Bodkin Arrow
33:45 Bow Saw
34:56 Caravan
35:35 Hand Cart
37:15 Guard Tower
37:24 Murder Holes
37:59 Ballistics
44:19 Imperial Age
43:18 Masonry
43:43 Ballistas
45:04 Stone Mining
45:10 Gold Mining
45:51 Legionary
47:04 Conscription
47:19 Heavy Plow
48:25 Iron Casting
49:17 Chemistry
52:10 Heavy Scorpion
52:17 Capped Ram
53:39 Siege Engineers
ValenBernal6407
0:41 Loom
15:10 Feudal Age
15:48 Double-Bit Axe
15:58 Gold Mining
15:52 Horse Collar
17:08 Stone Mining
22:52 Castle Age
24:34 Bow Saw
27:52 Pikeman
29:30 Heavy Plow
29:45 Caravan
32:28 Wheelbarrow
37:32 Imperial Age
35:22 Hand Cart
35:22 Scale Mail Armor
35:43 Forging
36:54 Squires
37:39 Chain Mail Armor
38:00 Iron Casting
37:25 Padded Archer Armor
37:16 Fletching
37:43 Fortified Wall
37:55 Ballistics
38:33 Gold Shaft Mining
39:57 Conscription
42:44 Chemistry
41:34 Heated Shot
42:04 Leather Archer Armor
41:45 Bodkin Arrow
42:21 Plate Mail Armor
42:51 Blast Furnace
42:54 Halberdier
46:52 Ring Archer Armor
46:22 Bracer
46:20 Murder Holes
46:36 Masonry
47:53 Town Watch
48:35 Arson
49:28 Town Patrol
51:11 Scale Barding Armor
51:38 Architecture
50:40 Elite Chu Ko Nu
53:37 Elite Skirmisher
54:23 Thumb Ring
60:57 Heavy Rocket Cart
Chernestito
0:29 Loom
10:51 Feudal Age
11:26 Town Watch
15:25 Horse Collar
18:58 Double-Bit Axe
21:02 Padded Archer Armor
21:41 Scale Mail Armor
21:52 Forging
26:56 Castle Age
26:23 Scale Barding Armor
26:10 Fletching
26:16 Stone Mining
26:17 Gold Mining
27:22 Bloodlines
27:50 Heavy Plow
28:08 Bow Saw
28:10 Light Cavalry
28:51 Husbandry
29:16 Chain Barding Armor
28:52 Bodkin Arrow
32:48 Leather Archer Armor
34:51 Murder Holes
35:16 Ballistics
35:07 Masonry
38:15 Imperial Age
37:01 Town Patrol
37:37 Wheelbarrow
37:54 Elite Skirmisher
38:53 Chain Mail Armor
39:22 Iron Casting
39:32 Bracer
39:08 Winged Hussar
40:52 Conscription
40:28 Elite Obuch
43:49 Plate Mail Armor
44:30 Blast Furnace
44:40 Thumb Ring
45:44 Hoardings
53:08 Chemistry
58:49 Lechitic Legacy
dancing crab
9:00 Loom
11:26 Feudal Age
11:52 Man-at-Arms
14:27 Scale Mail Armor
14:37 Forging
23:55 Castle Age
25:00 Double-Bit Axe
32:23 Squires
32:13 Horse Collar
39:05 Imperial Age
37:39 Chain Mail Armor
39:40 Iron Casting
39:29 Elite Varangian Guard
40:47 Arson
42:22 Chieftains
44:13 Plate Mail Armor
45:15 Blast Furnace
50:44 Capped Ram
57:03 Onager
Glock$Monstaaa: Reloaded
8:48 Loom
11:32 Feudal Age
15:37 Castle Age
14:08 Double-Bit Axe
17:34 Fletching
19:59 Bow Saw
19:32 Horse Collar
23:25 Husbandry
25:14 Bodkin Arrow
25:31 Elite Skirmisher
26:47 Bloodlines
26:40 Padded Archer Armor
38:47 Imperial Age
39:04 Heavy Cavalry Archer
39:51 Bracer
40:25 Scale Barding Armor
43:08 Timurid Siegecraft
43:21 Silk Armor
44:12 Chain Barding Armor
@OldManRed
8:17 Loom
12:42 Feudal Age
13:57 Horse Collar
14:04 Double-Bit Axe
16:08 Wheelbarrow
15:39 Scale Mail Armor
17:35 Forging
18:59 Gold Mining
19:02 Stone Mining
23:28 Castle Age
21:41 Man-at-Arms
24:30 Heavy Plow
24:43 Bow Saw
25:10 Stone Shaft Mining
24:55 Chain Mail Armor
25:22 Long Swordsman
28:42 Iron Casting
29:56 Hand Cart
30:48 Pikeman
31:31 Squires
40:33 Anarchy
53:35 Imperial Age
54:05 Caravan
54:36 Coinage
Connection lost

Rejoining the realm…

Still unreachable

The connection could not be restored.

Session expired

The server has moved on; the page needs a fresh start.